 Dungeon Crawl Stone Soup version bcrawl-1.13.5 (webtiles) character file.

Game seed: 17904678233353310155

424 MisterOstroum the Poker (level 6, 17/52 HPs)
             Began as a Demonspawn Archaeologist on Aug 28, 2019.
             Quit the game on level 5 of the Dungeon.
             The game lasted 00:05:21 (5093 turns).

MisterOstroum the Poker (Demonspawn Archaeologist)  Turns: 5093, Time: 00:05:21

Health: 17/52      AC: 14    Str: 13    XL:     6   Next: 64%
Magic:  6/6        EV:  6    Int: 16    God:
Gold:   339        SH:  0    Dex: 11    Spells: 5/5 levels left

rFire    . . .     SeeInvis .   l - +0 spear
rCold    . . .     Gourm    .   (no shield)
rNeg     . . .     Faith    .   p - +0 chain mail
rPois    .         Spirit   .   c - +1 hat
rElec    .         Reflect  .   F - +0 cloak
rCorr    .         Harm     .   y - +0 pair of gloves
MR       .....                  d - +1 pair of boots
Stlth    ..........             (no amulet)
HPRegen  0.17/turn              i - ring of attention (curse)
MPRegen  0.10/turn              (no ring)

@: studying Polearms
A: talons 2, rugged brown scales 1, powered by pain 1, rot immunity
a: no special abilities


You were on level 5 of the Dungeon.
You were not hungry.

You visited 1 branch of the dungeon, and saw 5 of its levels.

You collected 339 gold pieces.

Inventory:

Hand Weapons
 a - a +0 whip
 l - a +0 spear (weapon)
 m - a cursed -1 hunting sling
Missiles
 q - 83 tomahawks (quivered)
 x - 157 javelins
 B - 290 stones
Armour
 b - a +1 robe
 c - a +1 hat (worn)
 d - a +1 pair of boots (worn)
 p - a +0 chain mail (worn)
 y - a +0 pair of gloves (worn)
 F - a +0 cloak (worn)
Jewellery
 i - a cursed ring of attention (left hand)
Scrolls
 h - a scroll of magic mapping {unknown}
 k - 5 scrolls of enchant weapon {unknown}
 n - 4 scrolls of remove curse {unknown}
 o - 2 scrolls of blinking {unknown}
 r - 3 scrolls of identify {unknown}
 t - 2 scrolls of immolation {unknown}
 u - a scroll of enchant armour {unknown}
 v - a scroll of teleportation {unknown}
 w - a scroll of amnesia {unknown}
 z - a scroll of fear {unknown}
Potions
 j - 3 potions of might {unknown}
 s - a potion of brilliance {unknown}
 A - 2 potions of heal wounds {unknown}
 C - 4 potions of curing {unknown}
 D - a potion of degeneration {unknown}
Books
 g - a manual of Polearms
Miscellaneous
 f - an ancient crate
Comestibles
 e - 5 rations {!d}
 E - 3 chunks of flesh


   Skills:
 + Level 5.3 Fighting
 - Level 0.8 Maces & Flails
 + Level 5.5 Polearms
 - Level 2.6 Dodging
 - Level 3.0 Stealth


You had 5 spell levels left.
You didn't know any spells.
Your spell library contained the following spells:

 Spells                   Type           Power        Failure   Level  Hunger
 Corona                   Hex            #......      100%        1    ##.....
 Ensorcelled Hibernation  Hex/Ice        #.....       100%        2    ###....
 Confuse                  Hex            #.......     100%        3    ####...
 Dazzling Spray           Conj/Hex       #.....       100%        3    ####...
 Tukima's Dance           Hex            #.......     100%        3    ####...


Dungeon Overview and Level Annotations

Branches:
Dungeon (5/12)
 Temple: D:4-7

Altars:
Elyvilon
Nemelex Xobeh
Uskayaw
Wu Jian
Yredelemnul
Zin

Annotations:
D:2 1 runed door
D:5 Dowan, Duvessa, Menkaure


Innate Abilities, Weirdness & Mutations

You have razor-sharp toenails.
You are partially covered in rugged brown scales. (AC +1, +3% HP)
You sometimes gain a little power by taking damage.
You are immune to rotting.


Message History

The worker ant is almost dead.
You feel sick. The worker ant barely misses you.
You closely miss the worker ant.
The worker ant is almost dead.
The worker ant bites you.
You are more poisoned.
The worker ant poisons you!
You hit the worker ant but do no damage.
The worker ant is almost dead.
The worker ant waves its antennae.
The worker ant barely misses you.
You hit the worker ant but do no damage.
The worker ant is almost dead.
You feel sick. The worker ant bites you.
You are more poisoned.
The worker ant poisons you!
You closely miss the worker ant.
The worker ant is almost dead.
You feel sick.
The worker ant bites you but does no damage.
You closely miss the worker ant.
The worker ant is almost dead.
You feel sick. The worker ant bites you.
You are more poisoned.
The worker ant poisons you!
You hit the worker ant but do no damage.
The worker ant is almost dead.
You feel sick. The worker ant bites you.
You are too injured to fight recklessly!
A worker ant is nearby!
A worker ant is nearby!
You are too injured to fight recklessly!
Your chain mail prevents you from hitting the worker ant.
The worker ant is almost dead.
You feel sick. The worker ant bites you.
You completely miss the worker ant.
The worker ant is almost dead.
You feel sick. The worker ant bites you.
You hit the worker ant but do no damage.
The worker ant is almost dead.
You feel sick. The worker ant completely misses you.
You feel sick.
You feel sick.
You feel sick.
Attack whom?
Press: ? - help, Dir - move target cursor, f/p - worker ant
Aim: a worker ant (almost dead)
You hit the worker ant but do no damage.
The worker ant is almost dead.
You feel sick. The worker ant barely misses you.
Attack whom?
Press: ? - help, Dir - move target cursor, f/p - worker ant
Aim: a worker ant (almost dead)
You hit the worker ant.
The worker ant is almost dead.
You feel sick.
The worker ant bites you but does no damage.
You feel sick.
The worker ant bites you but does no damage.
Attack whom?
Press: ? - help, Dir - move target cursor, f/p - worker ant
Aim: a worker ant (almost dead)
You hit the worker ant.
You kill the worker ant!
You feel sick.
You see here a worker ant corpse.
You butcher the worker ant corpse.
You feel sick.
E - 4 chunks of flesh (gained 3)
You feel sick.
You feel sick.
You feel sick.
You feel sick.
You feel sick.
You feel sick.
You feel sick.
You feel sick.
You feel sick.
You are no longer poisoned.
Eating one of 4 chunks of flesh.
You eat one of the 4 chunks of flesh.
This raw flesh tastes terrible.
An ice beast comes into view.
You are too injured to fight recklessly!
You now have 339 gold pieces (gained 17).
A gnoll sergeant comes into view. It is wielding a +0 trident.
Found a glowing demon blade.
Dowan, Brother of Duvessa comes into view.
He is wielding a +0 dagger.
Dowan shouts!
Duvessa, Sister of Dowan comes into view.
She is wielding a +0 short sword.
Dowan gestures wildly while chanting.
Dowan blinks!
Duvessa shouts!
The gnoll sergeant closely misses you.
Found a glowing brass amulet.
Menkaure, Prince of Dust comes into view.
Menkaure shouts!
Menkaure blazes with dark energy!
Menkaure calls on the powers of darkness!
Your body is wracked with pain!
Duvessa says, "When magic and the sword combine, nothing stands against them."
Are you sure you want to abandon this character and quit the game? (Confirm with "yes".)

#...#)#.."
#...###...
#.....e.. #.......
#.....# ### #.g.e#
..# ####....#
#.#########......#
............####@#
...###########...#
.....# #..###
...#.# #.# .#.#...
#. .#...... M
#######.. # .# ..


You could see Duvessa, a gnoll sergeant, Menkaure and Dowan.

Vanquished Creatures
  A bullfrog (D:4)
  A hound (D:4)
  2 bullfrog skeletons (D:4)
  A centaur skeleton (D:3)
  3 iguanas
  2 worker ants
  5 adders
  A shadow imp (D:5)
  2 oozes
  3 worms
  2 dart slugs
  A leopard gecko (D:4)
  An orc (D:5)
  5 goblins
  7 hobgoblins
  6 kobolds
  2 quokkas
  3 bats
  6 frilled lizards
  4 rats
58 creatures vanquished.

Notes
Turn   | Place    | Note
-------+----------+-------------------------------------------
     0 | D:1      | MisterOstroum the Demonspawn Archaeologist began the quest
                  | for the Orb.
     0 | D:1      | Reached XP level 1. HP: 15/15 MP: 1/1
   229 | D:1      | Gained mutation: You have sharp toenails. [demonic
                  | ancestry]
   229 | D:1      | Reached XP level 2. HP: 19/22 MP: 2/2
  1143 | D:2      | Found a runed door.
  1236 | D:2      | Gained mutation: You are partially covered in rugged brown
                  | scales. (AC +1, +3% HP) [demonic ancestry]
  1236 | D:2      | Reached XP level 3. HP: 19/29 MP: 3/3
  1601 | D:2      | Reached skill level 1 in Polearms
  2745 | D:3      | Gained mutation: You have razor-sharp toenails. [demonic
                  | ancestry]
  2745 | D:3      | Reached XP level 4. HP: 32/36 MP: 4/4
  2805 | D:3      | Found a hide-covered altar of Uskayaw.
  2808 | D:3      | Noticed a +0 dagger
  2808 | D:3      | Noticed a +0 dagger
  3075 | D:4      | Found a sparkling altar of Nemelex Xobeh.
  3119 | D:4      | Noticed a bullfrog
  3136 | D:4      | Killed a bullfrog
  3136 | D:4      | Gained mutation: You sometimes gain a little power by
                  | taking damage. [demonic ancestry]
  3136 | D:4      | Reached XP level 5. HP: 35/44 MP: 5/5
  3688 | D:4      | Gained mutation: You are immune to rotting. [demonic
                  | ancestry]
  3688 | D:4      | Reached XP level 6. HP: 12/50 MP: 6/6
  4209 | D:4      | Found a basalt altar of Yredelemnul.
  4209 | D:4      | Found a white marble altar of Elyvilon.
  4209 | D:4      | Found an ornate altar of the Wu Jian Council.
  4209 | D:4      | Found a glowing silver altar of Zin.
  4301 | D:4      | Reached skill level 5 in Fighting
  4301 | D:4      | Reached skill level 5 in Polearms
  4712 | D:5      | Entered Level 5 of the Dungeon
  5080 | D:5      | Noticed an ice beast
  5090 | D:5      | Noticed Dowan
  5090 | D:5      | Noticed Duvessa
  5092 | D:5      | Noticed Menkaure
  5093 | D:5      | Quit the game

Skill      XL: |  1  2  3  4  5  6 |
---------------+-------------------+-----
Fighting       | 2 3 4 5 |  5.3
Polearms       | 1 3 4 5 |  5.5
Maces & Flails | |  0.8
Dodging        | |  2.6
Stealth        | |  3.0

Action                   |  1- 3 |  4- 6 || total
-------------------------+-------+-------++-------
Melee: Whip              |    23 |       ||    23
       Spear             |   176 |   237 ||   413
Throw: Tomahawk          |    16 |     6 ||    22
  Use: Potion            |       |     1 ||     1
  Eat: Chunk             |     5 |     9 ||    14
Armor: Robe              |    23 |       ||    23
       Chain mail        |   104 |   123 ||   227
Dodge: Dodged            |    88 |    56 ||   144
